 Dungeon Crawl Stone Soup version 0.26-a0-612-gd4d190f45e (webtiles) character file.

Game seed: 6624971191444103239

70 Peloso the Shield-Bearer (level 4, 35/35 HPs)
             Began as a Demonspawn Fighter on Sept 9, 2020.
             Got out of the dungeon alive.
             The game lasted 00:02:57 (1390 turns).

Peloso the Shield-Bearer (Demonspawn Fighter)       Turns: 1390, Time: 00:02:58

Health: 35/35      AC: 11    Str: 18    XL:     4   Next: 4%
Magic:  4/4        EV:  7    Int:  9    God:
Gold:   85         SH:  9    Dex: 12    Spells: 3/3 levels left

rFire    . . .     SeeInvis .   a - +0 long sword
rCold    + . .     Faith    .   c - +0 kite shield
rNeg     . . .     Spirit   .   l - +0 scale mail
rPois    .         Reflect  .   (helmet restricted)
rElec    .         Harm     .   g - +1 cloak
rCorr    .                      e - +0 pair of gloves
MR       .....                  f - +0 pair of boots
Stlth    ..........             (no amulet)
HPRegen  0.11/turn              (no ring)
MPRegen  0.09/turn              (no ring)

@: no status effects
A: claws 1, horns 1, cold resistance 1
a: no special abilities


You escaped.
You visited 1 branch of the dungeon, and saw 2 of its levels.

You collected 85 gold pieces.

Inventory:

Hand Weapons
 a - a +0 long sword (weapon)
 b - a +0 dagger of venom
Armour
 c - a +0 kite shield (worn)
 e - a +0 pair of gloves (worn)
 f - a +0 pair of boots (worn)
 g - a +1 cloak (worn)
 l - a +0 scale mail (worn)
Scrolls
 h - a scroll of enchant armour {unknown}
 j - a scroll of remove curse {unknown}
 m - a scroll of amnesia {unknown}
Potions
 d - a potion of might
 i - a potion of lignification {unknown}
 k - 2 potions of ambrosia {unknown}


   Skills:
 + Level 3.3 Fighting
 + Level 2.4 Long Blades
 + Level 3.0 Armour
 + Level 0.3 Dodging
 + Level 3.4 Shields


You had 3 spell levels left.
You didn't know any spells.
Your spell library was empty.

Dungeon Overview and Level Annotations

Branches:
Dungeon (2/15)

Altars:


Innate Abilities, Weirdness & Mutations

You have sharp fingernails.
You have a pair of small horns on your head.
Your flesh is cold resistant. (rC+)


Message History

The gnoll is severely wounded.
The gnoll barely misses you.
You slash the gnoll!
You kill the gnoll!
You have reached level 4!
You feel stronger.
Your demonic ancestry asserts itself...
A pair of horns grows on your head!
(D) Dungeon
Where to? (Enter - D:12, ? - help)
What level of the Dungeon? (default 1, ? - help)
There is a stone staircase leading up here.
You climb upwards.
There is a stone staircase leading down, spattered with blood here.
There is an open door here.
You see here a +0 club.
There is an open door here.
HP restored.
There is a staircase leading out of the dungeon here.
Are you sure you want to leave the Dungeon?
This will make you lose the game!
You have escaped!

#.........# #...#
#)##. #.......#.#
#...# #.##.
#.......#.#
########'##.
#.......#.# #......
#########.######
#......
#.#.8#.#######...)..
#.#..........#......
#.#...8..8..8###.##'
#.#@.........'......
#.#...8..8..8###....
#.#..........###....
#.#.8#.#######...##.
#.###### #...##≈
#....# #.[.##≈
####.# #...##≈ #.#
#...##≈ #.# ###.##≈


There were no monsters in sight!

Vanquished Creatures
  3 gnolls
  An adder (D:1)
  A ball python (D:1)
  8 goblins
  3 hobgoblins
  A quokka (D:2)
  3 bats (D:1)
  2 frilled lizards (D:1)
  6 kobolds
  3 rats (D:1)
31 creatures vanquished.

Notes
Turn   | Place    | Note
-------+----------+-------------------------------------------
     0 | D:1      | Peloso the Demonspawn Fighter began the quest for the Orb.
     0 | D:1      | Reached XP level 1. HP: 18/18 MP: 1/1
   166 | D:1      | Gained mutation: Your flesh is cold resistant. (rC+)
                  | [demonic ancestry]
   166 | D:1      | Reached XP level 2. HP: 20/24 MP: 2/2
  1052 | D:2      | Gained mutation: You have sharp fingernails. [demonic
                  | ancestry]
  1052 | D:2      | Reached XP level 3. HP: 19/29 MP: 3/3
  1355 | D:2      | Gained mutation: You have a pair of small horns on your
                  | head. [demonic ancestry]
  1355 | D:2      | Reached XP level 4. HP: 31/35 MP: 4/4
  1390 | D:$      | Got out of the dungeon alive.

Illustrated notes

Levels and vault maps discovered:
D:1:      elethiomel_arrival_quiet, layout_basic, serial_rivers,
          chequers_serial_rivers_large_a, chequers_serial_rivers_small_a,
          chequers_serial_rivers_room_a, chequers_serial_rivers_small_b
D:2:      layout_basic, cheibriados_altar_1

Skill      XL: |  1  2  3 |
---------------+----------+-----
Shields        | 3 |  3.4
Long Blades    | 2 |  2.4
Armour         | 3 |  3.0
Fighting       | |  3.3
Dodging        | |  0.3

Action                   |  1- 3 |  4- 6 || total
-------------------------+-------+-------++-------
Melee: Long sword        |   100 |       ||   100
  Use: Scroll            |     2 |       ||     2
       Potion            |     1 |       ||     1
Armor: Scale mail        |    60 |       ||    60
Dodge: Dodged            |    31 |       ||    31
Block: Kite shield       |    61 |       ||    61
       Rpst.: Long sword |     9 |       ||     9

Table legend: (Time is in decaauts)
 A = Elapsed time spent in this place.
 B = Non-inter-level travel time spent in this place.
 C = Inter-level travel time spent in this place.
 D = Time resting spent in this place.
 E = Time spent auto-exploring this place.
 F = Levels seen in this place.
 G = Mean time per level.
                   A        B        C        D        E       F      G
               +--------+--------+--------+--------+--------+-----+--------+
         Total |   1446 |   1387 |     59 |    232 |    783 |   2 |  723.0 |
       Dungeon |   1446 |   1387 |     59 |    232 |    783 |   2 |  723.0 |
               +--------+--------+--------+--------+--------+-----+--------+

Top non-repeatable levels by time:
     D:1: 1363 daAuts
     D:2: 83 daAuts
